 Dungeon Crawl Stone Soup version 0.31-a0-920-g28cbb04a8c (webtiles) character file.

Game seed: 18007193643758358633

321 gruber the Digger (level 6, -2/44 HPs)
             Began as a Gnoll Earth Elementalist on Oct 17, 2023.
             Succumbed to a scorpion's poison
             ... on level 5 of the Dungeon.
             The game lasted 00:03:05 (3639 turns).

gruber the Digger (Gnoll Earth Elementalist)        Turns: 3639, Time: 00:03:06

Health: -2/44      AC:  4    Str: 13    XL:     6   Next: 46%
Magic:  2/14       EV: 13    Int: 17    God:
Gold:   253        SH:  0    Dex: 12    Spells: 11/15 levels left

rFire   + . .        x - +7 staff of the Meek {protect, meekguard}
rCold   . . .        (shield currently unavailable)
rNeg    . . .        a - +0 robe
rPois   .            A - +0 helmet
rElec   .            (no cloak)
rCorr   .            (no gloves)
SInv    .            d - +0 pair of boots
Will    .....        v - amulet of guardian spirit
Stlth   +++          l - ring of protection from fire
HPRegen 0.27/turn    r - +6 ring of strength
MPRegen 0.14/turn

%: guardian spirit
@: brilliant, lethally poisoned (-2 -> -16)
A: fangs 1, strong nose, distributed training
a: no special abilities


You were on level 5 of the Dungeon.
You visited 1 branch of the dungeon, and saw 5 of its levels.

You collected 253 gold pieces.

Inventory:

Hand Weapons
 x - the +7 staff of the Meek (weapon) {protect, meekguard}
   (You found it on level 4 of the Dungeon)
Armour
 a - a +0 robe (worn)
 d - a +0 pair of boots (worn)
 A - a +0 helmet (worn)
Jewellery
 l - a ring of protection from fire (left hand)
 r - a +6 ring of strength (right hand)
 v - an amulet of guardian spirit (around neck)
 w - an amulet of reflection
Wands
 y - a wand of roots (6)
Scrolls
 e - 3 scrolls of teleportation {unknown}
 i - a scroll of revelation {unknown}
 m - a scroll of blinking {unknown}
 n - a scroll of summoning {unknown}
 o - 2 scrolls of immolation {unknown}
 s - 2 scrolls of identify {unknown}
 t - a scroll of amnesia {unknown}
 u - a scroll of vulnerability {unknown}
 z - a scroll of enchant armour {unknown}
 B - a scroll of enchant weapon {unknown}
Potions
 b - a potion of magic
 c - a potion of berserk rage {unknown}
 f - 2 potions of enlightenment {unknown}
 g - 2 potions of brilliance
 h - 2 potions of heal wounds {unknown}
 j - a potion of ambrosia {unknown}
 k - 2 potions of curing {unknown}
 p - a potion of haste {unknown}
 q - a potion of degeneration {unknown}


   Skills:
 + Level 2.0 Fighting
 + Level 2.0 Short Blades
 + Level 2.0 Long Blades
 + Level 2.0 Axes
 + Level 2.0 Maces & Flails
 + Level 2.0 Polearms
 + Level 2.0 Staves
 + Level 2.0 Ranged Weapons
 + Level 2.0 Throwing
 + Level 2.0 Armour
 + Level 5.0 Dodging
 + Level 4.6 Stealth
 + Level 2.0 Shields
 + Level 2.0 Unarmed Combat
 + Level 5.4 Spellcasting
 + Level 1.6 Conjurations
 + Level 1.6 Hexes
 + Level 1.6 Summonings
 + Level 1.6 Necromancy
 + Level 1.6 Translocations
 + Level 2.6 Transmutations
 + Level 1.6 Fire Magic
 + Level 1.6 Ice Magic
 + Level 1.6 Air Magic
 + Level 5.7 Earth Magic
 + Level 1.6 Poison Magic
 + Level 2.2 Invocations
 + Level 2.0 Evocations
 + Level 1.8 Shapeshifting


You had 11 spell levels left.
You knew the following spells:

 Your Spells              Type           Power      Damage    Failure   Level
a - Sandblast             Erth           70%        2d15      1%          1
b - Stone Arrow           Conj/Erth      50%        3d10      9%          3

Your spell library contained the following spells:

 Spells                   Type           Power      Damage    Failure   Level
 Passwall                 Tmut/Erth      23%        N/A       3%          2
 Petrify                  Tmut/Erth      28%        N/A       24%         4
 Brom's Barrelling Bould  Conj/Erth      25%        2d5       30%         4


Dungeon Overview and Level Annotations

Branches:
Dungeon (5/15)
 Temple: D:4-7

Altars:

Shops:
D:5 [


Innate Abilities, Weirdness & Mutations

You have very sharp teeth.
Your uncanny sense of smell can sniff out nearby items.
Your experience applies equally to all skills.


Message History

Confirm with . or Enter, or press ? or * to list all spells.
Aiming: Sandblast (safe; 1% risk of failure)
Press: ? - help, Shift-Dir - straight line, f/p - ufetubus
Aim: an ufetubus (almost dead, 72% to hit)
The blast of sand hits the ufetubus!
You kill the ufetubus!
You feel sick. The scorpion misses you. The scorpion completely misses you.
Unknown command.
Unknown command.
Casting: Sandblast (safe; 1% risk of failure)
Confirm with . or Enter, or press ? or * to list all spells.
Aiming: Sandblast (safe; 1% risk of failure)
Press: ? - help, Shift-Dir - straight line, f - scorpion
Aim: a scorpion (heavily wounded, 83% to hit)
The blast of sand hits the scorpion but does no damage.
The scorpion is heavily wounded.
You feel sick.
You are no longer poisoned.
The scorpion stings you.
You are poisoned.
The scorpion poisons you! The scorpion stings you.
* * * LOW HITPOINT WARNING * * *
Unknown command.
Casting: Sandblast (safe; 1% risk of failure)
Confirm with . or Enter, or press ? or * to list all spells.
Aiming: Sandblast (safe; 1% risk of failure)
Press: ? - help, Shift-Dir - straight line, f/p - scorpion
Aim: a scorpion (heavily wounded, 83% to hit)
The blast of sand hits the scorpion.
The scorpion is severely wounded.
* * * LOW HITPOINT WARNING * * *
You feel very sick. The scorpion closely misses you. The scorpion stings you.
* * * LOW HITPOINT WARNING * * *
You are more poisoned.
The scorpion poisons you!
Unknown command.
It was a potion of brilliance.
You feel clever all of a sudden.
You die...

.... #..# ### #..#
$... #.<## ∆ .....
#...# #
......######.#.# ##.#
.....5s@...#.#.##...#
...)..####..........
.?... ###.#..####
.).. ###...### ##.
#...#...# #.
#+#.###.# # #.#..##.#
#.##.##.# #<##.##..


You could see a scorpion and an ufetubus.

Vanquished Creatures
  A scorpion (D:4)
  A howler monkey (D:4)
  A gnoll bouda (D:4)
  A hound (D:4)
  4 gnolls (D:4)
  6 adders
  An ufetubus (D:5)
  A worm (D:3)
  5 orcs (D:4)
  5 bats
  An endoplasm (D:3)
  3 giant cockroaches
  5 hobgoblins
  10 jackals
  5 kobolds
  4 quokkas
  7 ball pythons
  2 frilled lizards
  2 goblins (D:1)
  6 rats
71 creatures vanquished.

Notes
Turn   | Place    | Note
-------+----------+-------------------------------------------
     0 | D:1      | gruber the Gnoll Earth Elementalist began the quest for the
                  | Orb.
     0 | D:1      | Reached XP level 1. HP: 13/13 MP: 6/6
   244 | D:1      | Reached XP level 2. HP: 19/19 MP: 4/7
   494 | D:1      | Found a faded altar of an unknown god.
  1273 | D:2      | Reached XP level 3. HP: 25/25 MP: 6/9
  1354 | D:2      | Reached skill level 5 in Spellcasting
  1419 | D:2      | Reached skill level 1 in Invocations
  1615 | D:2      | Learned a level 3 spell: Stone Arrow
  1661 | D:3      | Reached skill level 1 in Fighting
  1661 | D:3      | Reached skill level 1 in Short Blades
  1661 | D:3      | Reached skill level 1 in Long Blades
  1661 | D:3      | Reached skill level 1 in Axes
  1661 | D:3      | Reached skill level 1 in Maces & Flails
  1661 | D:3      | Reached skill level 1 in Polearms
  1661 | D:3      | Reached skill level 1 in Staves
  1661 | D:3      | Reached skill level 1 in Ranged Weapons
  1661 | D:3      | Reached skill level 1 in Throwing
  1661 | D:3      | Reached skill level 1 in Armour
  1661 | D:3      | Reached skill level 1 in Shields
  1661 | D:3      | Reached skill level 1 in Unarmed Combat
  1661 | D:3      | Reached skill level 1 in Evocations
  1704 | D:3      | Reached skill level 1 in Shapeshifting
  1704 | D:3      | Reached XP level 4. HP: 32/32 MP: 6/11
  2580 | D:4      | Reached skill level 1 in Conjurations
  2580 | D:4      | Reached skill level 1 in Hexes
  2580 | D:4      | Reached skill level 1 in Summonings
  2580 | D:4      | Reached skill level 1 in Necromancy
  2580 | D:4      | Reached skill level 1 in Translocations
  2580 | D:4      | Reached skill level 1 in Fire Magic
  2580 | D:4      | Reached skill level 1 in Ice Magic
  2580 | D:4      | Reached skill level 1 in Air Magic
  2580 | D:4      | Reached skill level 1 in Poison Magic
  2628 | D:4      | Found the +7 staff of the Meek {protect, meekguard}
  2673 | D:4      | Reached XP level 5. HP: 37/37 MP: 7/12
  2966 | D:4      | Reached XP level 6. HP: 33/44 MP: 7/14
  3176 | D:4      | Reached skill level 5 in Dodging
  3597 | D:5      | Entered Level 5 of the Dungeon
  3597 | D:5      | Found Zadeif Maal's Antique Armour Shop.
  3638 | D:5      | HP: 2/44 [scorpion (5)]
  3639 | D:5      | Succumbed to a scorpion's poison

Illustrated notes

Levels and vault maps discovered:
D:1:      nicolae_arrival_washed_ashore, layout_basic,
          hellmonk_ecumenical_altar_zigzags
D:2:      layout_basic
D:3:      layout_loops_ring, minmay_misc_feat_alley, minmay_shallow_snake_nest
D:4:      layout_loops_ring, minmay_misc_feat_secret_circle, hex_large
D:5:      layout_rooms, minmay_temple_entry_hall, ebering_ghost_sewer_d,
          serial_shops, nicolae_shop_hallway_stairs, gup_sewer_entry_bowl,
          uniq_menkaure

Skill      XL: |  1  2  3  4  5  6 |
---------------+-------------------+-----
Transmutations | 2 |  2.6
Spellcasting   | 5 |  5.4
Invocations    | 1 2 |  2.2
Fighting       | 1 2 |  2.0
Short Blades   | 1 2 |  2.0
Long Blades    | 1 2 |  2.0
Axes           | 1 2 |  2.0
Maces & Flails | 1 2 |  2.0
Polearms       | 1 2 |  2.0
Staves         | 1 2 |  2.0
Ranged Weapons | 1 2 |  2.0
Throwing       | 1 2 |  2.0
Armour         | 1 2 |  2.0
Shields        | 1 2 |  2.0
Unarmed Combat | 1 2 |  2.0
Evocations     | 1 2 |  2.0
Shapeshifting  | 1 |  1.8
Conjurations   | 1 |  1.6
Hexes          | 1 |  1.6
Summonings     | 1 |  1.6
Necromancy     | 1 |  1.6
Translocations | 1 |  1.6
Fire Magic     | 1 |  1.6
Ice Magic      | 1 |  1.6
Air Magic      | 1 |  1.6
Poison Magic   | 1 |  1.6
Dodging        | 5 |  5.0
Stealth        | |  4.6
Earth Magic    | |  5.7

Action                     |  1- 3 |  4- 6 || total
---------------------------+-------+-------++-------
  Melee: Trident           |     1 |       ||     1
         Scimitar          |       |     1 ||     1
         Quarterstaff      |       |    23 ||    23
         Bite              |       |     1 ||     1
   Cast: Sandblast         |    43 |    56 ||    99
    Use: Potion            |       |     1 ||     1
 Armour: Robe              |     7 |    43 ||    50
  Dodge: Dodged            |     6 |    53 ||    59

Table legend: (Time is in decaauts)
 A = Elapsed time spent in this place.
 B = Non-inter-level travel time spent in this place.
 C = Inter-level travel time spent in this place.
 D = Time resting spent in this place.
 E = Time spent auto-exploring this place.
 F = Levels seen in this place.
 G = Mean time per level.
                   A        B        C        D        E       F      G
               +--------+--------+--------+--------+--------+-----+--------+
         Total |   3690 |   3546 |    144 |     20 |   3094 |   5 |  738.0 |
       Dungeon |   3690 |   3546 |    144 |     20 |   3094 |   5 |  738.0 |
               +--------+--------+--------+--------+--------+-----+--------+

Top non-repeatable levels by time:
     D:4: 1101 daAuts
     D:3: 907 daAuts
     D:1: 905 daAuts
     D:2: 729 daAuts
     D:5: 45 daAuts
